 Dungeon Crawl Stone Soup version 0.27.1 (webtiles) character file.

Game seed: 9491552503060979152

77 AIAndy the Covert (level 4, 0/41 HPs)
             Began as a Gnoll Delver on Aug 25, 2021.
             Was an Initiate of Okawaru.
             Slain by Crazy Yiuf (11 damage)
             ... on level 3 of the Dungeon.
             The game lasted 00:12:34 (2982 turns).

AIAndy the Covert (Gnoll Delver)                    Turns: 2982, Time: 00:12:35

Health: 0/41       AC:  5    Str: 12    XL:     4   Next: 34%
Magic:  5/5        EV: 12    Int: 10    God:    Okawaru [......]
Gold:   159        SH:  0    Dex: 13    Spells: 5/5 levels left

rFire    . . .     SeeInvis .   a - +0 falchion
rCold    . . .     Faith    .   (no shield)
rNeg     . . .     Spirit   .   k - +0 ring mail
rPois    .         Reflect  .   (no helmet)
rElec    .         Harm     .   (no cloak)
rCorr    .         Rampage  .   (no gloves)
Will     .....                  (no boots)
Stlth    ++++......             (no amulet)
HPRegen  0.13/turn              (no ring)
MPRegen  0.09/turn              (no ring)

@: lethally poisoned (0 -> -3)
A: fangs 1, strong nose, distributed training
a: Renounce Religion


You were on level 3 of the Dungeon.
You worshipped Okawaru.
Okawaru was noncommittal.
You visited 1 branch of the dungeon, and saw 5 of its levels.

You collected 159 gold pieces.


Innate Abilities, Weirdness & Mutations

You have very sharp teeth.
Your uncanny sense of smell can sniff out nearby items.
Your experience applies equally to all skills.


   Skills:
 + Level 6.6 Fighting
 + Level 1.1 Short Blades
 + Level 4.6 Long Blades
 + Level 1.1 Axes
 + Level 1.1 Maces & Flails
 + Level 1.1 Polearms
 + Level 1.1 Staves
 + Level 1.1 Slings
 + Level 1.1 Bows
 + Level 1.1 Crossbows
 + Level 1.1 Throwing
 + Level 1.1 Armour
 + Level 4.6 Dodging
 + Level 9.6 Stealth
 + Level 1.1 Shields
 + Level 1.1 Unarmed Combat
 + Level 1.1 Spellcasting
 + Level 0.8 Conjurations
 + Level 0.8 Hexes
 + Level 0.8 Summonings
 + Level 0.8 Necromancy
 + Level 0.8 Translocations
 + Level 0.8 Transmutations
 + Level 0.8 Fire Magic
 + Level 0.8 Ice Magic
 + Level 0.8 Air Magic
 + Level 0.8 Earth Magic
 + Level 0.8 Poison Magic
 + Level 1.2 Invocations
 + Level 1.1 Evocations


You had 5 spell levels left.
You didn't know any spells.
Your spell library contained the following spells:

 Spells                   Type           Power      Damage    Failure   Level
 Animate Skeleton         Necr           4%         N/A       50%         1
 Pain                     Necr           8%         1d4       50%         1
 Vampiric Draining        Necr           1%         2d6       86%         3

Inventory:

Hand Weapons
 a - a +0 falchion (weapon)
 m - a +2 whip of flaming
 s - a +1 hand axe of electrocution
Missiles
 h - 40 stones (quivered)
Armour
 b - a +0 leather armour
 k - a +0 ring mail (worn)
 q - a +0 scale mail
Magical Staves
 n - a staff of death {!a}
Wands
 g - a wand of digging (3)
 r - a wand of iceblast (9)
Scrolls
 c - a scroll of fog
 d - a scroll of magic mapping
 e - 2 scrolls of noise {unknown}
 j - a scroll of silence {unknown}
Potions
 f - a potion of haste {@q3}
 i - 2 potions of flight {unknown}
 l - 2 potions of curing {unknown}
 o - a potion of berserk rage {unknown}
 p - a potion of lignification {unknown}

Dungeon Overview and Level Annotations

Branches:
Dungeon (5/15)
 Temple: D:4-7

Altars:
Makhleb
Okawaru
Uskayaw

Annotations:
D:3 Crazy Yiuf
D:5 Pikel

...........###....####...........
...........# #....# #........###
.##.######## ♣....♣ #........#
.##.######## ♣...♣♣ #+#'######
.##........# ♣♣.♣♣ #.#.#
.########### ♣.♣♣ #.#.# )# ######
♣♣.♣ #...# ## .######....# ♣.♣♣
#...# #. ......'....# ♣♣@♣ #...#
#. ▒▒▒▒▒▒▒....# ▒g▒ #...# #.
▒⌠▒⌠▒▒▒▒...# ... #...# #.
§≈≈≈§≈▒▒...# ▒...▒ #...#######.
.....≈⌠▒#### ▒..)▒ #..>......+.
..⚑..≈▒▒ ▒▒▒▒▒ #.........#.
§....≈⌠▒ #.........## ≈≈.≈≈≈▒▒#
###########.........# ▒▒'▒▒▒▒≈#
#.#.#.##............#


You could see Crazy Yiuf.


Message History

There is an open door here.
Press: ? - help, v - describe, . - travel
Here: Crazy Yiuf, wielding a +4 quarterstaff of chaos and wearing a +0 cloak (wandering, hasn't noticed you, fire blocked by a runed translucent door)
The floor.
Unknown command.
As you open the door, it creaks loudly!
Crazy Yiuf shouts!
You closely miss Crazy Yiuf.
Crazy Yiuf grits, "Adder noodlescoop bag!"
Crazy Yiuf completely misses you.
You riposte.
You closely miss Crazy Yiuf. You hit Crazy Yiuf.
Crazy Yiuf is moderately wounded.
Crazy Yiuf hits you with a +4 quarterstaff of chaos!
You barely miss Crazy Yiuf.
Crazy Yiuf is moderately wounded.
Crazy Yiuf says, "Snurf poople hand!"
Crazy Yiuf hits you with a +4 quarterstaff of chaos!
You are poisoned.
You barely miss Crazy Yiuf.
Crazy Yiuf is moderately wounded.
You feel sick.
Crazy Yiuf hits you with a +4 quarterstaff of chaos!
* * * LOW HITPOINT WARNING * * *
You hit Crazy Yiuf. Your bite misses Crazy Yiuf.
Crazy Yiuf is moderately wounded.
You feel sick. Crazy Yiuf closely misses you.
You barely miss Crazy Yiuf.
Crazy Yiuf is moderately wounded.
You feel sick.
Crazy Yiuf hits you with a +4 quarterstaff of chaos!
You die...

Skill      XL: |  1  2  3 |
---------------+----------+-----
Stealth        | |  9.6
Invocations    | 1 |  1.2
Short Blades   | 1 |  1.1
Axes           | 1 |  1.1
Maces & Flails | 1 |  1.1
Polearms       | 1 |  1.1
Staves         | 1 |  1.1
Slings         | 1 |  1.1
Bows           | 1 |  1.1
Crossbows      | 1 |  1.1
Throwing       | 1 |  1.1
Armour         | 1 |  1.1
Shields        | 1 |  1.1
Unarmed Combat | 1 |  1.1
Spellcasting   | 1 |  1.1
Evocations     | 1 |  1.1
Fighting       | |  6.6
Long Blades    | |  4.6
Dodging        | |  4.6
Conjurations   | |  0.8
Hexes          | |  0.8
Summonings     | |  0.8
Necromancy     | |  0.8
Translocations | |  0.8
Transmutations | |  0.8
Fire Magic     | |  0.8
Ice Magic      | |  0.8
Air Magic      | |  0.8
Earth Magic    | |  0.8
Poison Magic   | |  0.8

Action                   |  1- 3 |  4- 6 || total
-------------------------+-------+-------++-------
Melee: Falchion          |   112 |    40 ||   152
       Bite              |     6 |     2 ||     8
       Punch             |     1 |       ||     1
Throw: Stone             |     6 |       ||     6
  Use: Scroll            |     1 |       ||     1
 Stab: Sleeping          |     6 |     7 ||    13
Armor: Ring mail         |    42 |     7 ||    49
Dodge: Dodged            |    82 |    15 ||    97
       Rpst.: Falchion   |    30 |     3 ||    33

Levels and vault maps discovered:
D:1:      dpeg_arrival_arbitrary_c, layout_rooms,
          shapermc_ecumenical_altar_pompeii
D:2:      layout_loops_ring
D:3:      layout_basic, lightli_temple_of_fire, eat_drink_and_be_merry_uskayaw,
          uniq_crazy_yiuf_cottage
D:4:      layout_rooms, serial_shops, nicolae_shop_statue_plus,
          minmay_manual_macuahuitl
D:5:      layout_basic, mainiacjoe_overflow_small_starburst,
          mainiacjoe_overflow_divided_tiny, minmay_temple_entry_nine_rooms,
          uniq_pikel

Notes
Turn   | Place    | Note
-------+----------+-------------------------------------------
     0 | D:5      | Reached skill level 9 in Stealth
     0 | D:5      | AIAndy the Gnoll Delver began the quest for the Orb.
     0 | D:5      | Reached XP level 1. HP: 23/23 MP: 1/1
    25 | D:5      | Noticed an orc priest
    25 | D:5      | Noticed an orc wizard
    32 | D:5      | Noticed an orc wizard
    50 | D:5      | Noticed a lemure
    53 | D:5      | Found an iron altar of Okawaru.
    56 | D:5      | Noticed a lemure
    60 | D:5      | Became a worshipper of Warmaster Okawaru
    60 | D:5      | Noticed Pikel
    60 | D:5      | Noticed a lemure
    70 | D:5      | Noticed an orc wizard
   525 | D:3      | Reached XP level 2. HP: 25/29 MP: 2/2
   571 | D:3      | Found a hide-covered altar of Uskayaw.
   712 | D:1      | Reached XP level 3. HP: 35/35 MP: 3/3
  1171 | D:1      | Reached skill level 1 in Invocations
  1259 | D:1      | Found a faded altar of an unknown god.
  1442 | D:2      | Reached skill level 1 in Short Blades
  1442 | D:2      | Reached skill level 1 in Axes
  1442 | D:2      | Reached skill level 1 in Maces & Flails
  1442 | D:2      | Reached skill level 1 in Polearms
  1442 | D:2      | Reached skill level 1 in Staves
  1442 | D:2      | Reached skill level 1 in Slings
  1442 | D:2      | Reached skill level 1 in Bows
  1442 | D:2      | Reached skill level 1 in Crossbows
  1442 | D:2      | Reached skill level 1 in Throwing
  1442 | D:2      | Reached skill level 1 in Armour
  1442 | D:2      | Reached skill level 1 in Shields
  1442 | D:2      | Reached skill level 1 in Unarmed Combat
  1442 | D:2      | Reached skill level 1 in Spellcasting
  1442 | D:2      | Reached skill level 1 in Evocations
  1631 | D:2      | Reached XP level 4. HP: 41/41 MP: 5/5
  2404 | D:3      | Found a runed translucent door.
  2405 | D:3      | Noticed Crazy Yiuf
  2913 | D:3      | Found a burning altar of Makhleb.
  2982 | D:3      | Slain by Crazy Yiuf

Vanquished Creatures
  An adder (D:3)
  A worm (D:2)
  2 orcs
  8 endoplasms
  4 giant cockroaches
  5 goblins
  8 hobgoblins
  7 kobolds
  2 quokkas (D:1)
  5 ball pythons
  3 bats (D:1)
  4 frilled lizards
  5 rats
55 creatures vanquished.

Table legend: (Time is in decaauts)
 A = Elapsed time spent in this place.
 B = Non-inter-level travel time spent in this place.
 C = Inter-level travel time spent in this place.
 D = Time resting spent in this place.
 E = Time spent auto-exploring this place.
 F = Levels seen in this place.
 G = Mean time per level.
                   A        B        C        D        E       F      G
               +--------+--------+--------+--------+--------+-----+--------+
         Total |   2994 |   2969 |     25 |    425 |   1664 |   5 |  598.8 |
       Dungeon |   2994 |   2969 |     25 |    425 |   1664 |   5 |  598.8 |
               +--------+--------+--------+--------+--------+-----+--------+

Top non-repeatable levels by time:
     D:3: 1126 daAuts
     D:2: 827 daAuts
     D:1: 694 daAuts
     D:4: 234 daAuts
     D:5: 112 daAuts

Table legend:
 A = Non-vault XP
 B = Vault XP
 C = Vault XP percentage of total XP
 D = Non-vault monster count
 E = Vault monster count
 F = Vault count percentage of total count
                 A         B        C        D         E       F
            +---------+---------+-------+---------+---------+-------
      Total |     111 |       0 |   0.0 |      55 |       0 |   0.0
            +---------+---------+-------+---------+---------+-------
        D:1 |      42 |       0 |   0.0 |      26 |       0 |   0.0
        D:2 |      31 |       0 |   0.0 |      16 |       0 |   0.0
        D:3 |      33 |       0 |   0.0 |      11 |       0 |   0.0
        D:4 |       5 |       0 |   0.0 |       2 |       0 |   0.0
            +---------+---------+-------+---------+---------+-------
